Map: Ruins of Seras

Players

Tessor

  • Race: Terran Terran
  • League: Master

NYK - Winner!

  • Race: Zerg Zerg
  • League: Master

VOD

Have the link to the VOD?

Description

simple ravager ling flood

Time

  • Played on: Dec. 26, 2015, 3:59 p.m.
  • Length: 7:35
Show
View Real Time Build Order
Export as new Build Order

Tessor Terran 

Build Orders:  

Get SALT Encoding   

  12  0:00  SCV  
  13  0:12  SCV  
  14  0:18  Supply Depot  
  14  0:25  SCV  
  15  0:39  SCV  
  15  0:42  Barracks  
  16  0:45  Refinery  
  16  0:51  SCV  
  17  1:03  SCV  
  18  1:16  SCV  
  19  1:29  Barracks Reactor  
  19  1:30  Orbital Command  
  19  1:31  Supply Depot  
  19  1:57  SCV  
  20  2:02  Command Center  
  20  2:09  SCV  
  20  2:13  Factory  
  21  2:17  Refinery  
  21  2:23  Marine x2  
  21  2:27  SCV  
  23  2:41  Bunker  
  23  2:42  Marine x2  
  25  2:44  SCV  
  26  2:55  Supply Depot  
  26  3:01  Starport  
  26  3:07  SCV  
  27  3:15  Orbital Command  
  27  3:25  Starport  
  27  3:34  SCV  
  28  3:36  Hellion, Marine  
  28  3:38  Starport Tech Lab  
  31  3:43  SCV  
  31  3:47  Refinery  
  32  3:49  SCV  
  32  3:55  SCV  
  34  3:56  Hellion  
  34  4:02  Viking  
  38  4:06  Starport Tech Lab  
  38  4:10  SCV  
  38  4:14  SCV  
  38  4:16  Supply Depot, Hellion  
  42  4:20  Hellion  
  42  4:22  SCV  
  45  4:27  SCV  
  46  4:33  Banshee  
  46  4:36  Banshee  
  52  4:43  Supply Depot, Cloaking Field  
  52  4:46  Marine  
  53  4:54  SCV x2  
  53  4:56  Hellion  
  57  5:01  Hellion  
  59  5:08  Engineering Bay  
  59  5:11  Supply Depot  
  59  5:12  SCV  
  61  5:14  SCV  
  46  5:57  Factory Reactor  
  45  6:10  Banshee x2  
  34  6:20  Factory Reactor  
  26  6:47  SCV x2  
  17  6:59  SCV  
  17  7:01  Factory Reactor  
  18  7:08  SCV  
  25  7:09  Supply Depot  
  25  7:12  SCV  
  26  7:20  SCV  
  27  7:24  Command Center  
Show
View Real Time Build Order
Export as new Build Order

NYK Zerg - Winner!

Build Orders: Hatch First, Ravager All-In 

Get SALT Encoding   

  12  0:01  Drone  
  13  0:11  Drone  
  14  0:17  Overlord  
  14  0:26  Extractor x2  
  14  0:27  Drone  
  13  0:30  Drone  
  16  0:37  Drone  
  17  0:56  Hatchery  
  16  0:59  Drone  
  16  1:00  Drone  
  18  1:15  Spawning Pool  
  17  1:20  Extractor  
  17  1:22  Drone x2  
  18  1:33  Drone  
  19  1:42  Overlord  
  19  2:02  Queen  
  19  2:03  Zergling x4  
  19  2:08  Queen  
  25  2:10  Drone  
  25  2:11  Drone  
  27  2:20  Metabolic Boost  
  27  2:23  Drone x2  
  29  2:30  Overlord  
  29  2:42  Drone  
  29  2:43  Drone x2  
  32  2:52  Drone  
  33  3:00  Drone  
  34  3:10  Overlord  
  34  3:12  Drone x3  
  37  3:14  Drone  
  37  3:16  Hatchery  
  37  3:22  Overlord  
  37  3:26  Drone x3  
  38  3:39  Extractor  
  38  3:40  Roach Warren  
  38  3:41  Drone x3  
  39  3:51  Overlord x2  
  39  3:52  Overlord  
  39  4:20  Roach x4  
  39  4:21  Roach  
  39  4:23  Zergling x10  
  54  4:28  Zergling x4  
  54  4:29  Zergling x2  
  57  4:34  Zergling x2  
  58  4:38  Zergling x4  
  58  4:41  Ravager x4  
  64  4:46  Zergling x4  
  64  4:49  Ravager  
  64  4:52  Zergling x10  
  72  4:53  Queen  
  72  4:57  Overlord x2  
  74  5:09  Zergling x2  
  74  5:10  Zergling x6  
  78  5:19  Overlord  
  78  5:23  Zergling x2  
  78  5:24  Zergling x8  
  80  5:41  Zergling x2  
  80  5:42  Zergling x14  
  81  5:50  Lair  
  81  5:51  Spore Crawler  
  81  5:53  Queen x2  
  81  5:54  Spore Crawler  
  67  6:05  Drone x6  
  62  6:27  Drone x3  
  62  6:28  Drone x7  
  62  6:29  Drone x2  
  62  6:31  Extractor  
  69  6:35  Queen  
  69  6:38  Spore Crawler  
  68  6:41  Queen  
  67  6:51  Spore Crawler  
  63  6:58  Spore Crawler, Spire  
  63  6:59  Spore Crawler  
  63  7:00  Overseer  
  59  7:09  Drone x3, Extractor  
  59  7:10  Overlord  
  59  7:12  Drone x5  
  59  7:14  Drone  
Tags
 
Add a new tag
Caveats
  • Supply blocks, unpowered buildings, or Contaminate may cause inaccurate times.
  • Supply counts are checked every 10 seconds.